 Dungeon Crawl Stone Soup version 0.25-a0-719-gde951dc (webtiles) character file.

Game seed: 14053721064102065457, levelgen mode: deterministic

14890 robertstho the Cleaver (level 11, 0/89 HPs)
             Began as a Demonspawn Abyssal Knight on Apr 6, 2020.
             Was the Champion of Lugonu.
             Slain by an ice devil (7 damage)
             ... on level 13 of the Dungeon.
             The game lasted 00:16:45 (11738 turns).

robertstho the Cleaver (Demonspawn Abyssal Knight) Turns: 11738, Time: 00:16:46

Health: 0/89       AC: 21    Str: 20    XL:     11   Next: 94%
Magic:  12/18      EV:  9    Int: 13    God:    Lugonu [******]
Gold:   451        SH:  0    Dex: 13    Spells: 10/10 levels left

rFire    + . .     SeeInvis .   b - +1 war axe (flame)
rCold    . . .     Gourm    .   (no shield)
rNeg     . . .     Faith    .   O - +1 chain mail "Deif" {rElec MP-9 Str+4}
rPois    .         Spirit   .   r - +2 hat
rElec    +         Reflect  .   (no cloak)
rCorr    .         Harm     .   G - +0 pair of gloves
MR       .....                  (no boots)
Stlth    +.........             y - amulet of the acrobat
HPRegen  0.24/turn              q - ring of magical power
MPRegen  0.16/turn              N - ring of protection from fire

@: no status effects
A: horns 1, iridescent scales 3, nightstalker 2, spiny 1, subdued magic 1
a: Depart the Abyss, Bend Space, Banish, Corrupt, Enter the Abyss, Brand Weapon
With Distortion, Renounce Religion


You were on level 13 of the Dungeon.
You worshipped Lugonu.
Lugonu was exalted by your worship.
You were hungry.

You visited 1 branch of the dungeon, and saw 13 of its levels.
You visited the Abyss 1 time.

You collected 745 gold pieces.
You spent 294 gold pieces at shops.

Inventory:

Hand Weapons
 a - a +1 hand axe
 b - a +1 war axe of flaming (weapon)
 o - the +4 hand axe of Doom {venom, *Contam rF+++ rC- Dex+5}
   (You found it on level 4 of the Dungeon)

   It poisons the flesh of those it strikes.
   It affects your dexterity (+5).
   It renders you almost immune to fire.
   It makes you vulnerable to cold.
   It causes magical contamination when unequipped.
Missiles
 F - 54 poisoned darts (quivered)
 K - 5 boomerangs of dispersal
Armour
 e - a +0 chain mail of positive energy
 r - a +2 hat (worn)
 G - a +0 pair of gloves (worn)
 J - a +2 chain mail of magic resistance
 O - the +1 chain mail "Deif" (worn) {rElec MP-9 Str+4}
   (You bought it in a shop on level 11 of the Dungeon)

   It affects your strength (+4).
   It insulates you from electricity.
   It affects your magic capacity (-9).
Jewellery
 g - an uncursed ring of positive energy
 n - an uncursed ring of ice
 q - a ring of magical power (left hand)
 y - an amulet of the acrobat (around neck)
 N - a ring of protection from fire (right hand)
Wands
 d - a wand of paralysis (3)
 x - a wand of digging (13)
 A - a wand of iceblast (8)
 Q - a wand of enslavement (8)
Scrolls
 f - 7 scrolls of teleportation
 h - a scroll of amnesia {unknown}
 j - 9 scrolls of remove curse
 k - a scroll of noise {unknown}
 l - a scroll of enchant armour {unknown}
 t - 2 scrolls of blinking {unknown}
 u - 2 scrolls of fear
 v - 3 scrolls of magic mapping {unknown}
 z - a scroll of torment {unknown}
 C - a scroll of acquirement {unknown}
 E - 3 scrolls of enchant weapon
 I - a scroll of random uselessness {unknown}
 L - a scroll of immolation
 P - a scroll of fog {unknown}
Potions
 i - a potion of berserk rage
 m - 3 potions of stabbing
 p - 2 potions of flight
 s - a potion of invisibility
 w - a potion of might
 B - 3 potions of heal wounds
 D - 2 potions of brilliance
 H - 3 potions of curing
Comestibles
 c - 20 rations


   Skills:
 * Level 9.2 Fighting
 + Level 10.7 Axes
 * Level 9.6 Armour
 + Level 3.2 Dodging
 + Level 2.1 Stealth
 * Level 9.9 Invocations


You had 10 spell levels left.
You didn't know any spells.
Your spell library contained the following spells:

 Spells                   Type           Power        Failure   Level  Hunger
 Beastly Appendage        Tmut           #.....       90%         1    ##.....
 Foxfire                  Conj/Fire      #...         90%         1    ##.....
 Summon Small Mammal      Summ           #...         90%         1    ##.....
 Conjure Flame            Conj/Fire      #.......     99%         3    ####...
 Ignite Poison            Fire/Tmut/Pois #.......     99%         3    ####...
 Inner Flame              Hex/Fire       #.......     99%         3    ####...
 Sticky Flame             Conj/Fire      #.......     100%        4    #####..
 Fireball                 Conj/Fire      #.........   100%        5    ######.
 Statue Form              Tmut/Erth      #........    100%        6    #######


Dungeon Overview and Level Annotations

Branches:
Dungeon (13/15)            Temple (0/1) D:6            Lair (0/6) D:10
    Orc (0/2) D:9
 Vaults: D:13-14

Altars:
Ashenzari
Cheibriados
Fedhas
Gozag
Hepliaklqana
Kikubaaqudgha
Nemelex Xobeh
Ru
Sif Muna
Uskayaw
Vehumet
Wu Jian
Yredelemnul
The Shining One

Shops:
D:11 [

Portals:
Ice
Cave: D:13

Annotations:
D:7 2 transporters, dickylongcocking's ghost, novice TrEE
D:11 2 transporters


Innate Abilities, Weirdness & Mutations

You have a pair of small horns on your head.
You are completely covered in iridescent scales. (AC +6)
You are significantly more attuned to the shadows.
You are partially covered in sharp spines.
Your spells are a little easier to cast, but a little less powerful.


Message History

Lugonu accepts your kill.
As you read the scroll labeled EBIRPH XEOTTAC, it crumbles to dust.
You feel strangely unstable.
It was a scroll of teleportation.
An ufetubus comes into view.
As you read the scroll labeled DURGHE OFEGRICU, it crumbles to dust.
You feel blessed for a moment.
It was a scroll of remove curse.
The ufetubus shouts!
You hear a bellow! x2
As you read the scroll labeled ITANIWUEKE, it crumbles to dust.
You assume a fearsome visage.
The ufetubus is unaffected.
It was a scroll of fear.
Your surroundings suddenly seem different.
The ice devil hits you. The ice devil freezes you!!
* * * LOW HITPOINT WARNING * * *
An ice devil comes into view.
Found a glowing scimitar.
Found a frozen archway.
An ice devil comes into view.
You feel much better. The ice devil hits you! The ice devil freezes you!!
* * * LOW HITPOINT WARNING * * *
The ice devil hits you!
You die...

.# #.......#
.###########.......#
.............###+#+#
.............# ..
'####'###....# .#
........#....####.###
.######.'....##.....#
.+ #.#....##.4...# .#
#.#....##.@4.)# .+
#.#....##..∩..# .
#.#....########
..#....# #.....


You could see 2 ice devils.

Vanquished Creatures
  Harold (D:8)
  Pikel (D:6)
  2 cyclopes
  3 centaur zombies
  3 gargoyles
  2 centaur skeletons
  A kobold demonologist (D:12)
  2 trolls
  Grinder (D:3)
  4 hippogriffs
  A shadow (D:12)
  11 yaks
  3 vampire mosquitoes (D:11)
  3 hungry ghosts
  A soldier ant (D:12)
  An acid dragon (D:13)
  A meliai simulacrum (D:13)
  2 sky beasts
  A hornet zombie (D:13)
  4 orc warriors
  2 eyes of draining
  4 phantoms
  3 slaves (D:6)
  3 black bears
  7 ogres
  4 ice beasts
  2 necrophages
  9 centaurs
  A wolf (D:13)
  2 big kobolds
  3 bullfrogs (D:9)
  A gnoll sergeant (D:6)
  A wyvern zombie (D:11)
  5 scorpions
  3 wyvern skeletons
  5 killer bees (D:10)
  8 wights
  A howler monkey (D:11)
  A bullfrog zombie (D:4)
  9 crimson imps
  A quasit (D:11)
  10 orc priests
  7 hounds
  5 jellies
  A bullfrog skeleton (D:9)
  An iguana (D:4)
  9 orc wizards
  Ijyb (D:3)
  Terence (D:3)
  10 worker ants
  A bullfrog simulacrum (D:13)
  A worker ant zombie (D:11)
  16 adders
  3 gnolls (D:9)
  2 howler monkey skeletons
  5 shadow imps
  A white imp (D:13)
  6 oozes
  2 adder zombies
  An adder skeleton (D:5)
  2 dart slugs
  2 leopard geckos
  49 orcs
  2 ball pythons
  2 giant cockroaches
  10 goblins
  10 hobgoblins
  7 jackals
  8 kobolds
  6 quokkas
  6 bats
  6 frilled lizards
  A giant cockroach zombie (D:5)
  7 rats
  A spectral orc (D:6)
  3 plants (D:10)
328 creatures vanquished.

Notes
Turn   | Place    | Note
-------+----------+-------------------------------------------
     0 | Abyss:1  | robertstho the Demonspawn Abyssal Knight began the quest
                  | for the Orb.
     0 | Abyss:1  | Reached XP level 1. HP: 18/18 MP: 2/2
    62 | Abyss:1  | Noticed a smoke demon
    63 | D:1      | Escaped the Abyss
   107 | D:1      | Reached * piety under Lugonu
   359 | D:1      | Gained mutation: You are partially covered in iridescent
                  | scales. (AC +2) [demonic ancestry]
   359 | D:1      | Reached XP level 2. HP: 10/24 MP: 3/3
  1384 | D:2      | Reached XP level 3. HP: 26/30 MP: 5/5
  1397 | D:2      | Found a sparkling altar of Nemelex Xobeh.
  1593 | D:2      | Reached skill level 2 in Axes
  1613 | D:2      | Reached skill level 1 in Dodging
  2226 | D:3      | Gained mutation: You are mostly covered in iridescent
                  | scales. (AC +4) [demonic ancestry]
  2226 | D:3      | Reached XP level 4. HP: 37/37 MP: 5/6
  2272 | D:3      | Noticed Ijyb
  2289 | D:3      | Paralysed by Ijyb for 2 turns
  2293 | D:3      | Paralysed by Ijyb for 4 turns
  2303 | D:3      | Killed Ijyb
  2335 | D:3      | Reached ** piety under Lugonu
  2407 | D:3      | Found a sparkling altar of Nemelex Xobeh.
  2429 | D:3      | Gained mutation: You are completely covered in iridescent
                  | scales. (AC +6) [demonic ancestry]
  2429 | D:3      | Reached XP level 5. HP: 36/42 MP: 7/7
  2491 | D:3      | Noticed Grinder
  2509 | D:3      | Killed Grinder
  2509 | D:3      | Reached skill level 3 in Axes
  2509 | D:3      | Reached skill level 1 in Stealth
  2509 | D:3      | Reached XP level 6. HP: 25/49 MP: 9/9
  2667 | D:3      | Noticed Terence
  2695 | D:3      | Killed Terence
  3305 | D:4      | Found a hide-covered altar of Uskayaw.
  3327 | D:4      | Got a jewelled hand axe
  3328 | D:4      | Identified the +4 hand axe of Doom {venom, *Contam rF+++
                  | rC- Dex+5} (You found it on level 4 of the Dungeon)
  3487 | D:5      | Entered Level 5 of the Dungeon
  3550 | D:4      | Gained mutation: You are slightly more attuned to the
                  | shadows. [demonic ancestry]
  3550 | D:4      | Reached XP level 7. HP: 55/55 MP: 10/10
  3573 | D:4      | Found a hazy altar of Hepliaklqana.
  3645 | D:4      | Reached skill level 5 in Fighting
  3714 | D:4      | Found a shattered altar of Ashenzari.
  3820 | D:4      | Reached skill level 5 in Invocations
  3893 | D:4      | Found a glowing golden altar of the Shining One.
  3897 | D:4      | Reached skill level 4 in Axes
  4018 | D:5      | Found an opulent altar of Gozag.
  4024 | D:5      | Found a sacrificial altar of Ru.
  4495 | D:5      | Found a shimmering blue altar of Sif Muna.
  4548 | D:5      | Reached *** piety under Lugonu
  4706 | D:5      | Found an ornate altar of the Wu Jian Council.
  4957 | D:5      | Gained mutation: You are partially covered in sharp spines.
                  | [demonic ancestry]
  4957 | D:5      | Reached XP level 8. HP: 45/62 MP: 12/12
  4959 | D:5      | Reached skill level 5 in Axes
  5175 | D:6      | Found a blossoming altar of Fedhas.
  5357 | D:6      | Found a snail-covered altar of Cheibriados.
  5375 | D:6      | Noticed Pikel
  5384 | D:6      | Killed Pikel
  5384 | D:6      | Reached skill level 6 in Axes
  5427 | D:6      | Found a basalt altar of Yredelemnul.
  5557 | D:6      | Found a staircase to the Ecumenical Temple.
  5581 | D:6      | Reached skill level 5 in Armour
  5586 | D:6      | Gained mutation: You have a pair of small horns on your
                  | head. [demonic ancestry]
  5586 | D:6      | Reached XP level 9. HP: 61/69 MP: 13/13
  6117 | D:7      | Reached skill level 7 in Axes
  6257 | D:7      | Found a transporter.
  6468 | D:7      | Found a transporter.
  6470 | D:7      | Noticed dickylongcocking's ghost (novice TrEE)
  6481 | D:7      | Reached **** piety under Lugonu
  6516 | D:7      | Reached skill level 8 in Axes
  6970 | D:8      | Reached XP level 10. HP: 69/77 MP: 15/15
  7020 | D:8      | Found an ancient bone altar of Kikubaaqudgha.
  7316 | D:8      | Noticed Harold
  7331 | D:8      | Killed Harold
  7623 | D:8      | Found a radiant altar of Vehumet.
  7782 | D:8      | Found a blossoming altar of Fedhas.
  8406 | D:9      | Found a staircase to the Orcish Mines.
  8748 | D:9      | Gained mutation: Your spells are a little easier to cast,
                  | but a little less powerful. [mutagenic glow]
  8814 | D:9      | Reached ***** piety under Lugonu
  8952 | D:10     | Entered Level 10 of the Dungeon
  8962 | D:10     | Noticed a gargoyle
  8971 | D:10     | Killed a gargoyle
  8971 | D:10     | Reached skill level 9 in Axes
  9122 | D:10     | Found a staircase to the Lair.
  9299 | D:10     | Identified the Guide on Mutagenic Companions
  9583 | D:10     | Gained mutation: You are significantly more attuned to the
                  | shadows. [demonic ancestry]
  9583 | D:10     | Reached XP level 11. HP: 70/85 MP: 17/17
  9746 | D:11     | Found Ceittuu's Antique Armour Emporium.
  9750 | D:11     | Bought a pitted chain mail for 294 gold pieces
  9760 | D:11     | Identified the +1 chain mail "Deif" {rElec MP-9 Str+4} (You
                  | bought it in a shop on level 11 of the Dungeon)
 10225 | D:11     | Found a transporter.
 10228 | D:11     | Found a transporter.
 10490 | D:12     | Found an opulent altar of Gozag.
 10849 | D:12     | Reached skill level 10 in Axes
 11419 | D:12     | Reached ****** piety under Lugonu
 11737 | D:13     | Found a frozen archway.
 11738 | D:13     | Slain by an ice devil

Levels and vault maps discovered:
D:1:      scummos_arrival_star, layout_loops_cross, chequers_avenue
D:2:      layout_basic, nicolae_overflow_crystal_walls, guppyfry_early_orc_mine
D:3:      layout_rooms, nemelex_spade_bored_becter, uniq_grinder, uniq_ijyb,
          uniq_terence
D:4:      layout_basic, overflow_temple_1_default, lemuel_round_altar,
          old_standard_altar, kennysheep_mini
D:5:      layout_basic, lemuel_round_altar, led_sif_pool,
          grunt_temple_overflow_open, first_ration, minmay_misc_feat_cross
D:6:      layout_basic, yredelemnul_forgotten_temple_becter, marbit_many_paths,
          kennysheep_slug_shrine, minmay_temple_entry_overgrown, uniq_pikel
D:7:      layout_basic, gammafunk_ghost_mausoleum
D:8:      layout_loops_corners, kennysheep_mini_moat, basic_altar,
          hangedman_little_slice_of_home, chequers_serial_rivers_micro_d,
          fedhas_ov_isle_minmay, uniq_harold
D:9:      layout_irregular_city, orc_0_dummy, columned_hall_lemuel
D:10:     layout_irregular_city, dpeg_oklobed_lair
D:11:     gammafunk_jiyva_shrine, layout_loops_ring, gauntlet_entry_generic,
          serial_shops, nicolae_shop_trees
D:12:     layout_irregular_city, hangedman_decor_growths,
          nicolae_gozag_cash_rules_everything_around_me
D:13:     layout_irregular_city, serial_shops, kennysheep_little_box, shop,
          nicolae_shop_behind_doors, shop, shop, serial_ice, serial_ice_f,
          serial_ice_e, serial_ice_k, serial_ice_m, serial_ice_c,
          portal_ice_cave_demonic_guard, uniq_kirke

Skill      XL: |  1  2  3  4  5  6  7  8  9 10 11 |
---------------+----------------------------------+-----
Armour         | 2 3 4 5 6 8 9 |  9.6
Invocations    | 3 4 5 6 7 9 |  9.9
Axes           | 2 3 4 6 8 9 10 | 10.7
Dodging        | 1 2 3 |  3.2
Fighting       | 4 5 6 7 9 |  9.2
Stealth        | 1 2 |  2.1

Action                   |  1- 3 |  4- 6 |  7- 9 | 10-12 || total
-------------------------+-------+-------+-------+-------++-------
Melee: Hand axe          |   113 |   163 |   263 |   112 ||   651
       Headbutt          |       |       |    34 |   100 ||   134
       War axe           |       |       |       |   313 ||   313
Invok: Depart the Abyss  |     1 |       |       |       ||     1
Evoke: Wand              |       |     1 |       |       ||     1
  Use: Potion            |       |     4 |       |     1 ||     5
       Scroll            |       |       |     7 |     5 ||    12
 Stab: Paralysed         |       |     9 |       |       ||     9
  Eat: Chunk             |     3 |     5 |    12 |    16 ||    36
       Ration            |       |       |       |     2 ||     2
Armor: Leather armour    |     7 |       |       |       ||     7
       Ring mail         |    41 |    27 |       |       ||    68
       Scale mail        |       |    46 |     4 |       ||    50
       Chain mail        |       |       |   162 |   232 ||   394
Dodge: Dodged            |    84 |    86 |    94 |   211 ||   475

Table legend:
 A = Non-vault XP
 B = Vault XP
 C = Vault XP percentage of total XP
 D = Non-vault monster count
 E = Vault monster count
 F = Vault count percentage of total count
                 A         B        C        D         E       F
            +---------+---------+-------+---------+---------+-------
      Total |   18808 |    2464 |  11.6 |     295 |      27 |   8.4
            +---------+---------+-------+---------+---------+-------
        D:1 |      19 |       0 |   0.0 |      13 |       0 |   0.0
        D:2 |      57 |      17 |  23.0 |      20 |       7 |  25.9
        D:3 |     123 |     326 |  72.6 |      20 |       3 |  13.0
        D:4 |     378 |       0 |   0.0 |      20 |       0 |   0.0
        D:5 |     662 |       0 |   0.0 |      21 |       0 |   0.0
        D:6 |     602 |     685 |  53.2 |       8 |       4 |  33.3
        D:7 |    2311 |       0 |   0.0 |      32 |       0 |   0.0
        D:8 |     692 |    1152 |  62.5 |      16 |       9 |  36.0
        D:9 |    1942 |       0 |   0.0 |      34 |       0 |   0.0
       D:10 |    2192 |       0 |   0.0 |      14 |       0 |   0.0
       D:11 |    2856 |       0 |   0.0 |      44 |       0 |   0.0
       D:12 |    4865 |       0 |   0.0 |      43 |       0 |   0.0
       D:13 |    2109 |     284 |  11.9 |      10 |       4 |  28.6
            +---------+---------+-------+---------+---------+-------
